 Dungeon Crawl Stone Soup version 5.5-19-gbfab8aa (webtiles) character file.

166 stankywizzleteets the Cudgeler (level 6, -3/47 HPs)
             Began as a Demonspawn Torpor Knight on Apr 30, 2018.
             Was an Elder of Cheibriados.
             Slain by a mummy (9 damage)
             ... in an ossuary.
             The game lasted 00:28:37 (3683 turns).

stankywizzleteets the Cudgeler (DsTK)               Turns: 3683, Time: 00:28:38

Health: -3/47      AC: 14 (39%)Str: 24  XL:     6   Next: 62%
Magic:  13/13      EV:  7    Int: 27    God:    Cheibriados [4*[105]]
Gold:   119        SH:  6    Dex: 21    Spells: 12/12 levels left

rFire    + . .     SeeInvis .   x - +3 hand axe (vamp) {Sucky sucky}
rCold    . . .     Faith    +   (no shield)
rNeg     . . .     Spirit   .   b - +0 plate armour {ponderous}
rPois    .         Reflect  .   (no helmet)
rElec    .                      (no cloak)
rCorr    .                      (no gloves)
MR       .....                  (no boots)
Stlth    ..........             t - amulet of faith
Regen    0.2/turn               s - ring of fire
MPRegen  0.2/turn               u - +5 ring of intelligence

@: flying, very slow
A: slimy green scales 2, demonic guardian 1, mutation resistance 1, augmentation
1, crystal skin
a: Bend Time, Temporal Distortion, Slouch, Renounce Religion


You were in an ossuary.
You worshipped Cheibriados.
Cheibriados was greatly pleased with you.
You were not hungry.

You visited 1 branch of the dungeon, and saw 4 of its levels.
You also visited: Ossuary.

You collected 119 gold pieces.

Inventory:

Hand Weapons
 a - a +0 mace
 e - a +0 hand axe
 m - a +0 spear
 o - a +0 rapier
 p - a +0 hand axe
 q - a +0 spear
 x - a +3 vampiric hand axe (weapon) {Sucky sucky}
Missiles
 n - 160 tomahawks (quivered)
Armour
 b - a +0 plate armour of ponderousness (worn)
 f - a +0 ring mail
 k - a +0 ring mail
Jewellery
 s - a ring of fire (left hand)
 t - an amulet of faith (around neck)
 u - a +5 ring of intelligence (right hand)
Scrolls
 d - 4 scrolls of teleportation
 h - a scroll of magic mapping
Potions
 i - a potion of ambrosia
 j - a potion of flight
 l - a potion of magic
 r - a potion of lignification
 v - a potion of augmentation


   Skills:
 + Level 3.4 Fighting
 + Level 0.3(2.4) Axes
 + Level 3.9(4.0) Maces & Staves
 + Level 0.5 Throwing
 + Level 3.8 Armour
 + Level 1.3 Dodging
 + Level 0.2 Stealth
 + Level 2.5 Shields
 + Level 2.7 Invocations


You had 12 spell levels left.
You didn't know any spells.

Dungeon Overview and Level Annotations

Branches:
Dungeon (4/15)

Altars:
Makhleb
Nemelex Xobeh
Okawaru
Ru


Innate Abilities, Weirdness & Mutations

You are mostly covered in slimy green scales. (AC +3)
A weak demonic guardian rushes to your aid.
Your magical and physical power is slightly enhanced at high health.
Your crystalline skin blocks enemy attacks. (SH +6)
You are somewhat resistant to further mutation.


Message History

Your surroundings suddenly seem different.
The mummy barely misses you.
Found eight items. 2 mummies come into view.
You see here 2 scrolls of amnesia.
The mummy hits you but does no damage.
You see here a potion of resistance.
The mummy hits you (4).
* * * LOW HITPOINT WARNING * * *
You see here a scroll of noise.
Your quasit barely misses the mummy.
Your quasit claws the mummy but does no damage. x2
The mummy hits you but does no damage.
Your quasit barely misses the mummy.
Your quasit claws the mummy but does no damage.
Your quasit closely misses the mummy.
You see here a scroll of amnesia.
Your quasit barely misses the mummy.
Your quasit claws the mummy but does no damage.
Your quasit barely misses the mummy.
The mummy hits you (9)!
You die...

#≈# #≈+ '≈# ##
#≈≈ #≈# ##
#.##≈## '
+≈.P≈≈#
###.#####
#####.≈≈≈#
#.'.#=?!#
#∩..#≈M.#
#.M@!!#
#.∩.'.#§#
#.'.#?M5#
#...#§§.# ###
#####.#####M§##
.≈≈≈≈§§ZM§#
≈.#M≈§≈Z####
#P#.#M##≈# #≈
#≈≈≈≈≈# #
#≈≈#≈≈≈≈#
#≈#######


You could see 2 mummies and a friendly quasit.

Vanquished Creatures
  2 bullfrog zombies (Ossuary)
  An orc wizard (D:3)
  4 mummies (Ossuary)
  5 adders
  2 dart slugs (D:1)
  5 orcs
  5 quokkas
  7 bats
  4 giant cockroaches
  4 goblins
  6 hobgoblins
  10 jackals
  A ball python (D:1)
  2 frilled lizards
  7 kobolds
  A quokka zombie (D:4)
  6 rats
  A rat zombie (D:4)
  A fungus (D:2)
  3 plants (D:2)
77 creatures vanquished.

Vanquished Creatures (collateral kills)
  A wasp zombie (Ossuary)
  A hound (D:4)
  An orc priest (D:3)
  An orc wizard (D:4)
  An orc (D:3)
5 creatures vanquished.

Vanquished Creatures (others)
  2 withered plants (Ossuary)
2 creatures vanquished.

Grand Total: 84 creatures vanquished

Notes
Turn   | Place    | Note
-------+----------+-------------------------------------------
     0 | D:1      | stankywizzleteets the Demonspawn Torpor Knight began the quest for the Orb.
     0 | D:1      | Reached XP level 1. HP: 16/16 MP: 2/2
   216 | D:1      | Gained mutation: Your crystalline skin blocks enemy attacks. (SH +6) [demonic ancestry]
   216 | D:1      | Reached XP level 2. HP: 12/22 MP: 4/4
   321 | D:1      | Reached ** piety under Cheibriados
   570 | D:1      | Gained mutation: You are partially covered in slimy green scales. (AC +2) [demonic ancestry]
   570 | D:1      | Reached XP level 3. HP: 22/28 MP: 5/5
  1337 | D:2      | Reached skill level 1 in Dodging
  1636 | D:2      | Gained mutation: A weak demonic guardian rushes to your aid. [demonic ancestry]
  1636 | D:2      | Reached XP level 4. HP: 18/34 MP: 7/7
  1710 | D:2      | Found an iron altar of Okawaru.
  2342 | D:2      | Found a sacrificial altar of Ru.
  2589 | D:2      | Gained mutation: You are somewhat resistant to further mutation. [mutagenic hatch]
  2622 | D:3      | Found a sparkling altar of Nemelex Xobeh.
  2677 | D:3      | Reached *** piety under Cheibriados
  2849 | D:3      | Reached skill level 1 in Shields
  2849 | D:3      | Gained mutation: Your magical and physical power is slightly enhanced at high health. [demonic ancestry]
  2849 | D:3      | Reached XP level 5. HP: 26/41 MP: 9/9
  2990 | D:3      | Found a burning altar of Makhleb.
  3502 | D:4      | Reached **** piety under Cheibriados
  3610 | D:4      | Found a sand-covered staircase.
  3629 | Ossuary  | Entered an ossuary
  3639 | Ossuary  | Gained mutation: You are mostly covered in slimy green scales. (AC +3) [demonic ancestry]
  3639 | Ossuary  | Reached XP level 6. HP: 28/47 MP: 13/13
  3683 | Ossuary  | Slain by a mummy

Skill      XL: |  1  2  3  4  5 |
---------------+----------------+-----
Maces & Staves | 3 |  3.9
Armour         | 2 3 |  3.8
Dodging        | 1 |  1.3
Fighting       | 3 |  3.4
Shields        | 1 2 |  2.5
Axes           | |  0.3
Throwing       | |  0.5
Stealth        | |  0.2
Invocations    | |  2.7

Action                   |  1- 3 |  4- 6 || total
-------------------------+-------+-------++-------
Melee: Mace              |   110 |   231 ||   341
       Hand axe          |       |    32 ||    32
Throw: Tomahawk          |       |    12 ||    12
Invok: Bend Time         |     2 |     1 ||     3
  Use: Scroll            |       |     4 ||     4
       Potion            |       |     3 ||     3
Armor: Plate armour      |   188 |   206 ||   394
Dodge: Dodged            |    61 |    86 ||   147
Block: Other             |    74 |    98 ||   172
